 Dungeon Crawl Stone Soup version 0.28.0-43-g3370ac3207 (webtiles) character file.

Game seed: 293817929144597977

357 sking99 the Chopper (level 6, -1/50 (56) HPs)
             Began as a Hill Orc Fighter on Mar 14, 2022.
             Was a Believer of Beogh.
             Slain by a wight
             ... wielding a +4 falchion
              (11 damage)
             ... on level 4 of the Dungeon.
             The game lasted 00:05:24 (4009 turns).

sking99 the Chopper (Hill Orc Fighter)              Turns: 4009, Time: 00:05:25

HP:   -1/50 (56)    AC: 11    Str: 21    XL:     6   Next: 64%
MP:   8/8           EV:  7    Int:  8    God:    Beogh [**....]
Gold: 72            SH:  4    Dex: 10    Spells: 5/5 levels left

rFire   . . .      SeeInvis .   a - +1 war axe
rCold   . . .      Faith    .   c - +0 buckler
rNeg    . . .      Spirit   .   m - +0 chain mail
rPois   .          Reflect  .   (no helmet)
rElec   .          Harm     .   (no cloak)
rCorr   .          Rampage  .   g - +1 pair of gloves
Will    .....                   (no boots)
Stlth   ..........              (no amulet)
HPRegen 0.16/turn               (no ring)
MPRegen 0.11/turn               (no ring)

@: heavily drained
A: no striking features
a: Renounce Religion, Smiting


You were on level 4 of the Dungeon.
You worshipped Beogh.
Beogh was pleased with you.
You visited 1 branch of the dungeon, and saw 4 of its levels.

You collected 72 gold pieces.

Inventory:

Hand Weapons
 a - a +1 war axe (weapon)
Armour
 c - a +0 buckler (worn)
 g - a +1 pair of gloves (worn)
 m - a +0 chain mail (worn)
Jewellery
 b - a ring of poison resistance
 i - an amulet of regeneration
 k - an amulet of the acrobat
 l - a +4 ring of slaying
Scrolls
 e - a scroll of blinking
 j - 2 scrolls of teleportation
Potions
 d - a potion of might
 f - 2 potions of curing
 h - 2 potions of flight
 n - a potion of degeneration {unknown}


   Skills:
 + Level 5.0 Fighting
 * Level 5.6 Axes
 + Level 4.3 Armour
 + Level 4.4 Shields
 + Level 2.8 Invocations


You had 5 spell levels left.
You didn't know any spells.
Your spell library contained the following spells:

 Spells                   Type           Power      Damage    Failure   Level
 Call Canine Familiar     Summ           0%         N/A       100%        3
 Frozen Ramparts          Ice            0%         1d2       100%        3
 Gell's Gravitas          Tloc           0%         N/A       100%        3
 Lesser Beckoning         Tloc           0%         N/A       100%        3
 Portal Projectile        Hex/Tloc       0%         N/A       100%        3
 Teleport Other           Tloc           0%         N/A       100%        3
 Ice Form                 Ice/Tmut       0%         N/A       100%        4
 Leda's Liquefaction      Hex/Erth       0%         N/A       100%        4
 Summon Ice Beast         Ice/Summ       0%         N/A       100%        4


Dungeon Overview and Level Annotations

Branches:
Dungeon (4/15)
 Temple: D:4-7

Altars:
Yredelemnul
Beogh

Shops:
D:1 *


Message History

The wight hits you but does no damage.
You closely miss the wight.
The wight is lightly damaged.
The wight barely misses you.
You hit the wight.
The wight is lightly damaged.
You hit the wight.
The wight hits you with a +1 scimitar of draining!
You feel drained. x2; The wight hits you with a +4 falchion!
The wight barely misses you.
You slash the wight!
You destroy the wight!
Beogh accepts your kill.
You hit the wight but do no damage. The wight hits you with a +4 falchion!
You feel drained.
Your Fighting skill increases to level 5!
You are too injured to fight recklessly!
A wight comes into view. It is wielding a +2 mace.
The wight hits you with a +4 falchion.
* * * LOW HITPOINT WARNING * * *
There is an open door here.
You slash the wight!
The wight is heavily damaged.
The wight barely misses you.
You hit the wight.
The wight is severely damaged.
You block the wight's attack.
You closely miss the wight.
The wight is lightly damaged.
You closely miss the wight.
The wight is lightly damaged.
The wight hits you with a +4 falchion.
* * * LOW HITPOINT WARNING * * *
You feel drained.
* * * LOW HITPOINT WARNING * * *
You block the wight's attack.
You slash the wight!
The wight is almost destroyed.
The wight hits you with a +4 falchion!
You die...

..# #. #.##.
.##.#.# .......
##..)## ##.....## #
##.......## ...
#........z####...##
+........zz@.......
#.........####...##
##.......## .#
##.....## ##...##
##'## #.# #.# ##.##


You could see 3 wights.

Vanquished Creatures
  An ogre (D:2)
  A wight (D:4)
  A centaur zombie (D:3)
  A hound (D:4)
  A howler monkey zombie (D:3)
  6 adders
  A worm (D:2)
  4 dart slugs
  10 orcs
  6 ball pythons
  8 bats
  4 endoplasms
  4 giant cockroaches
  4 goblins
  9 hobgoblins
  7 kobolds
  6 quokkas
  7 frilled lizards
  5 rats
86 creatures vanquished.

Notes
Turn   | Place    | Note
-------+----------+-------------------------------------------
     0 | D:1      | sking99 the Hill Orc Fighter began the quest for the Orb.
     0 | D:1      | Reached XP level 1. HP: 19/19 MP: 1/1
   157 | D:1      | Found a faded altar of an unknown god.
   197 | D:1      | Reached XP level 2. HP: 19/27 MP: 2/2
   307 | D:1      | Prayed at the altar of an unknown god.
   307 | D:1      | Became a worshipper of Beogh the Brigand
   307 | D:1      | Reached * piety under Beogh
   381 | D:1      | Found Taonlapp's General Store.
   824 | D:1      | Reached XP level 3. HP: 33/33 MP: 3/3
  1486 | D:2      | Reached skill level 1 in Invocations
  1659 | D:2      | Reached XP level 4. HP: 39/40 MP: 4/4
  1764 | D:2      | Reached ** piety under Beogh
  2462 | D:2      | Noticed an ogre
  2468 | D:2      | Killed an ogre
  2469 | D:2      | Reached XP level 5. HP: 47/47 MP: 1/6
  3315 | D:3      | Reached skill level 5 in Axes
  3516 | D:3      | Reached XP level 6. HP: 52/53 MP: 7/7
  3586 | D:3      | Found a basalt altar of Yredelemnul.
  4001 | D:4      | Reached skill level 5 in Fighting
  4009 | D:4      | Slain by a wight

Illustrated notes

Levels and vault maps discovered:
D:1:      dpeg_arrival_pits, layout_loops_ring,
          dreamdust_ecumenical_altar_statues, serial_shops, shop
D:2:      layout_basic
D:3:      layout_loops_ring, lemuel_zombie_altar_yredelemnul
D:4:      layout_loops_corners, lemuel_doored_altar

Skill      XL: |  1  2  3  4  5  6 |
---------------+-------------------+-----
Axes           | 3 4 5 |  5.6
Fighting       | 4 5 |  5.0
Invocations    | 1 2 |  2.8
Armour         | 4 |  4.3
Shields        | 4 |  4.4

Action                   |  1- 3 |  4- 6 || total
-------------------------+-------+-------++-------
Melee: War axe           |    91 |   170 ||   261
Invok: Smiting           |       |     1 ||     1
  Use: Scroll            |       |     6 ||     6
Armor: Scale mail        |    43 |    29 ||    72
       Chain mail        |       |    68 ||    68
Dodge: Dodged            |    37 |    68 ||   105
Block: Buckler           |    24 |    33 ||    57
